 Dungeon Crawl Stone Soup version 0.17-a0-1504-gb7d9117 (webtiles) character file.

220 mrath the Sneak (level 5, -3/39 HPs)
             Began as a Demonspawn Assassin on July 9, 2015.
             Slain by Crazy Yiuf
             ... wielding a +3 quarterstaff of chaos
              (18 damage)
             ... on level 4 of the Dungeon.
             The game lasted 00:37:04 (2636 turns).

mrath the Sneak (Demonspawn Assassin)               Turns: 2636, Time: 00:37:04

Health: -3/39      AC:  4    Str: 11    XL:     5   Next: 64%
Magic:  5/5        EV: 13    Int: 12    God:
Gold:   188        SH:  0    Dex: 16    Spells: 0 memorised, 4 levels left

rFire  . . .     SeeInvis .     a - +3 dagger
rCold  . . .     Clarity  +     c - +0 robe
rNeg   . . .     SustAt   .     (no shield)
rPois  .         Gourm    .     (helmet restricted)
rElec  .         Spirit   .     d - +1 cloak
rCorr  .         Warding  .     (no gloves)
rMut   .         Stasis   .     (no boots)
MR     .....                    r - amulet of clarity
Stlth  +++.......               (no ring)
                                (no ring)

@: not resistant to hostile enchantments, fairly stealthy
A: claws 1, horns 1
a: no special abilities


You were on level 4 of the Dungeon.
You were not hungry.

You visited 1 branch of the dungeon, and saw 4 of its levels.

You collected 188 gold pieces.

Inventory:

Hand weapons
 a - a +3 dagger (weapon)
 b - a +0 blowgun
 l - a +0 hunting sling
 v - a +0 falchion
 B - a cursed -3 dagger
Missiles
 e - 6 poisoned needles
 f - 2 curare-tipped needles
 h - 36 stones (quivered)
 m - 25 bolts
 s - 6 tomahawks
 t - 11 arrows
Armour
 c - a +0 robe (worn)
 d - a +1 cloak (worn)
 p - a +0 buckler
Jewellery
 r - an amulet of clarity (around neck)
Scrolls
 i - 2 scrolls of identify
 k - a scroll of remove curse
 q - a scroll of enchant armour
Potions
 j - a potion of might {unknown}
 u - a potion of brilliance {unknown}
 w - a potion of curing {unknown}
Comestibles
 g - 3 bread rations
 n - 3 fruits
 o - a meat ration
 z - 2 chunks of flesh


   Skills:
 + Level 2.7 Fighting
 + Level 2.3 Short Blades
 + Level 2.7 Throwing
 + Level 3.3 Dodging
 + Level 4.3 Stealth


You had 4 spell levels left.
You didn't know any spells.

Dungeon Overview and Level Annotations

Branches:
Dungeon (4/15)
 Temple: D:4-7

Altars:
Ru
Trog

Annotations:
D:3 Grinder
D:4 Crazy Yiuf, Sigmund


Innate Abilities, Weirdness & Mutations

You have sharp fingernails.
You have a pair of small horns on your head.


Message History

Crazy Yiuf barely misses you.
You hit Crazy Yiuf but do no damage. You headbutt Crazy Yiuf.
Crazy Yiuf is moderately wounded.
Crazy Yiuf grits, "Shadow!
Island high foot."
Crazy Yiuf closely misses you.
You hit Crazy Yiuf.
Crazy Yiuf is heavily wounded.
Crazy Yiuf says, "Cod!"
Crazy Yiuf barely misses you.
You hit Crazy Yiuf.
Crazy Yiuf is heavily wounded.
You hit Crazy Yiuf.
Crazy Yiuf is severely wounded.
Crazy Yiuf hits you with a quarterstaff of chaos.
Crazy Yiuf draws strength from your injuries!
You hit Crazy Yiuf but do no damage. Your headbutt misses Crazy Yiuf.
Crazy Yiuf is severely wounded.
Crazy Yiuf hits you with a quarterstaff of chaos!
You are electrocuted!
You die...

#####
#..)#
#.g.#
#.@.#
##.##
♣♣.♣
♣.♣♣
♣♣.♣
♣.♣♣
♣♣.♣♣
♣...♣
♣...♣


You could see Crazy Yiuf.

Vanquished Creatures
  A hound (D:3)
  An orc wizard (D:3)
  Terence (D:3)
  6 adders
  An ooze (D:1)
  2 worms (D:3)
  An orc (D:3)
  A ball python (D:3)
  10 goblins
  12 hobgoblins
  3 jackals
  6 kobolds
  A quokka (D:3)
  8 bats
  3 giant cockroaches
  3 giant geckos (D:1)
  10 giant newts
  7 rats
77 creatures vanquished.

Notes
Turn   | Place    | Note
--------------------------------------------------------------
     0 | D:1      | mrath the Demonspawn Assassin began the quest for the Orb.
     0 | D:1      | Reached XP level 1. HP: 16/16 MP: 1/1
   126 | D:1      | Gained mutation: You have a pair of small horns on your head. [demonic ancestry]
   126 | D:1      | Reached XP level 2. HP: 20/22 MP: 2/2
   136 | D:1      | Reached skill level 1 in Dodging
   266 | D:1      | Reached skill level 4 in Stealth
   568 | D:1      | Reached XP level 3. HP: 27/27 MP: 3/3
  1465 | D:2      | Reached XP level 4. HP: 33/33 MP: 4/4
  1557 | D:2      | Found a bloodstained altar of Trog.
  1628 | D:3      | Noticed Terence
  1643 | D:3      | Killed Terence
  1661 | D:3      | Noticed Grinder
  1989 | D:3      | Gained mutation: You have sharp fingernails. [demonic ancestry]
  1989 | D:3      | Reached XP level 5. HP: 39/39 MP: 5/5
  2087 | D:3      | Found a sacrificial altar of Ru.
  2600 | D:4      | Noticed Sigmund
  2625 | D:4      | Noticed Crazy Yiuf
  2636 | D:4      | Slain by Crazy Yiuf

Vault maps used:
D:1:      minmay_arrival_diagonal_passages, hangedman_feature_mirror,
          glass_columns_a, minmay_misc_feat_diagonals
D:2:      lemuel_crystal_altar, first_bread, st_stairs_14, grunt_ministairs_5
D:3:      nicolae_ru_great_annihilating_truth, uniq_terence, uniq_grinder
D:4:      minmay_temple_entry_grid, vehumet_altar_wand_db, uniq_sigmund,
          uniq_crazy_yiuf_cottage

Action                   |  1- 3 |  4- 6 || total
-------------------------+-------+-------++-------
Melee: Dagger            |   121 |   110 ||   231
 Fire: Blowgun           |     6 |     4 ||    10
Throw: Stone             |     1 |    46 ||    47
  Use: Scroll            |     1 |    10 ||    11
 Stab: Sleeping          |     6 |     6 ||    12
  Eat: Chunk             |     2 |     1 ||     3
       Bread ration      |       |     1 ||     1
